 Dungeon Crawl Stone Soup version 0.30-a0-748-ge6a52f7cba (webtiles) character file.

Game seed: 6780115014929082521

10850 screamidelica the Grappler (level 11, 0/102 HPs)
             Began as a Troll Chaos Knight on Feb 7, 2023.
             Was a Plaything of Xom.
             Slain by a chaos spawn (3 damage)
             ... summoned by Xom
             ... on level 11 of the Dungeon on Feb 8, 2023.
             The game lasted 00:25:25 (9024 turns).

screamidelica the Grappler (Troll Chaos Knight)     Turns: 9024, Time: 00:25:26

Health: 0/102      AC:  9    Str: 20 (21) XL:     11   Next: 41%
Magic:  19/19      EV: 11    Int:  9      God:    Xom [......]
Gold:   698        SH:  0    Dex: 25      Spells: 19/22 levels left

rFire   + . .      SeeInvis .      - Unarmed
rCold   . . .      Faith    .    (no shield)
rNeg    . . .      Spirit   .    L - +2 robe {rF+}
rPois   .          Reflect  .    (helmet restricted)
rElec   .          Harm     .    z - +0 cloak
rCorr   .          Rampage  .    (gloves unavailable)
Will    .....      Rage     3%   (boots unavailable)
Stlth   ++                       r - amulet of regeneration
HPRegen 1.97/turn                u - +6 ring of dexterity
MPRegen 0.16/turn                x - +6 ring of dexterity

@: lethally poisoned (0 -> -1), about to teleport, unable to drink
A: large, unfitting armour, claws 3, regeneration 1, shaggy fur 1, tough skin 1,
iridescent scales 1, agile 1, berserk 1, screaming 2, weak 1, inability to drink
after injury 1, MP-powered wands
a: Renounce Religion


You were on level 11 of the Dungeon.
You worshipped Xom.
You were a very special plaything of Xom.
You visited 1 branch of the dungeon, and saw 11 of its levels.

You collected 776 gold pieces.
You spent 78 gold pieces at shops.

Inventory:

Hand Weapons
 h - a +2 spear of freezing
 S - a +0 demon whip of venom
Missiles
 a - 4 large rocks
 m - 43 poisoned darts
 N - 2 throwing nets
Armour
 z - a +0 cloak (worn)
 B - +0 steam dragon scales
 D - a +0 kite shield
 L - a +2 robe of fire resistance (worn)
Magical Staves
 y - a staff of air
 P - a staff of fire
Jewellery
 d - a +4 ring of protection
 f - a ring of magical power
 g - a ring of fire
 r - an amulet of regeneration (around neck)
 u - a +6 ring of dexterity (left claw)
 x - a +6 ring of dexterity (right claw)
 C - a ring of ice
Wands
 e - a wand of iceblast (19)
 A - a wand of polymorph (14)
 J - a wand of quicksilver (4)
 K - a wand of flame (29)
 O - a wand of paralysis (3)
Scrolls
 c - 2 scrolls of enchant armour
 i - a scroll of fear
 j - 6 scrolls of teleportation
 p - a scroll of fog {unknown}
 t - 4 scrolls of noise
 v - 2 scrolls of immolation {unknown}
 w - a scroll of enchant weapon {unknown}
 H - a scroll of torment
 Q - a scroll of magic mapping {unknown}
 T - 3 scrolls of identify {@r1}
Potions
 k - a potion of brilliance
 l - 2 potions of mutation
 n - 6 potions of flight
 o - 5 potions of haste
 q - 4 potions of curing {@q1}
 s - 2 potions of magic {unknown}
 E - a potion of berserk rage {unknown}
 F - 3 potions of heal wounds
 G - a potion of resistance {unknown}
 I - a potion of might
 M - a potion of invisibility {unknown}
Miscellaneous
 b - a piece from Xom's chessboard (11/15) (quivered)
 R - a condenser vane (inert)


   Skills:
 - Level 5.0 Fighting
 - Level 1.9 Dodging
 - Level 10.0 Unarmed Combat
 - Level 6.0 Spellcasting
 * Level 4.3 Summonings
 - Level 7.2 Ice Magic


You had 19 spell levels left.
You knew the following spells:

 Your Spells              Type           Power      Damage    Failure   Level
a - Frozen Ramparts       Ice            30%        1d5       3%          3

Your spell library contained the following spells:

 Spells                   Type           Power      Damage    Failure   Level
 Freeze                   Ice            60%        1d7       1%          1
 Hailstorm                Conj/Ice       9%         3d4       16%         3
 Summon Ice Beast         Ice/Summ       13%        N/A       21%         4
 Magic Dart               Conj           8%         1d3       22%         1
 Necrotise                Necr           8%         1d4       22%         1
 Searing Ray              Conj           4%         2d4       32%         2
 Ice Form                 Ice/Tmut       9%         N/A       45%         4
 Dazzling Flash           Conj/Hex       4%         N/A       54%         3
 Inner Flame              Hex/Fire       2%         N/A       54%         3
 Vampiric Draining        Necr           2%         2d6       54%         3
 Flame Wave               Conj/Fire      2%         2d4       91%         4
 Fulminant Prism          Conj/Hex       1%         3d5       91%         4
 Iskenderun's Mystic Bla  Conj/Tloc      2%         2d3       91%         4
 Sticky Flame             Conj/Fire      2%         2d3       91%         4
 Summon Mana Viper        Hex/Summ       6%         N/A       94%         5
 Agony                    Necr           2%         N/A       99%         5
 Alistair's Intoxication  Tmut/Pois      1%         N/A       99%         5
 Borgnjor's Vile Clutch   Necr/Erth      1%         N/A       99%         5
 Eringya's Noxious Bog    Tmut/Pois      1%         N/A       100%        6
 Starburst                Conj/Fire      1%         6d3       100%        6
 Monstrous Menagerie      Summ           5%         N/A       100%        7
 Chain Lightning          Conj/Air       1%         3d1       100%        9
 Fire Storm               Conj/Fire      1%         7d1       100%        9
 Shatter                  Erth           1%         3d5*      100%        9


Dungeon Overview and Level Annotations

Branches:
Dungeon (11/15)            Temple (0/1) D:7            Lair (0/5) D:11
    Orc: D:9-12

Altars:
Cheibriados
Dithmenos
Hepliaklqana
Kikubaaqudgha
Makhleb
Nemelex Xobeh
Okawaru
Qazlal
Ru
Xom
Yredelemnul

Shops:
D:5 (   D:9 (

Annotations:
D:5 2 transporters, Unforgiven's ghost, novice DECj
D:10 4 runed translucent doors, 2 transporters, sirJeffrey23's ghost, journeyman MiFi
D:11 1 runed translucent door, Newt's ghost, journeyman KoHu


Innate Abilities, Weirdness & Mutations

You are too large for most types of armour.
You have claws for hands.
Your natural rate of healing is unusually fast.
You are covered in fur. (AC +1)
You have tough skin. (AC +1)
You are partially covered in iridescent scales. (AC +2)
You are agile. (Dex +4, Str/Int -1)
You sometimes lose your temper in combat.
You frequently scream uncontrollably at your foes.
You are weak. (Str -2)
You occasionally lose the ability to drink potions when taking damage.
You expend magic power (3 MP) to strengthen your wands.


Message History

The sun demon is severely wounded.
The sun demon hits you but does no damage.
You scratch the sun demon. You claw the sun demon.
You kill the sun demon!
The sun demon disappears in a puff of smoke!
You claw the iron imp!
The iron imp is almost dead.
You claw the iron imp!
You kill the iron imp!
The iron imp disappears in a puff of smoke!
The chaos spawn gores you! The chaos spawn freezes you!
The crimson imp blinks!
The iron imp hits you.
You scratch the chaos spawn.
The chaos spawn is lightly wounded.
The chaos spawn hits you!
You feel threatened and lose the ability to drink potions!
You are engulfed in flames.
You resist.
* * * LOW HITPOINT WARNING * * *
The iron imp hits you but does no damage.
You closely miss the chaos spawn.
The chaos spawn is lightly wounded.
The chaos spawn hits you.
You are poisoned.
The chaos spawn poisons you!
You claw the chaos spawn! Your claw misses the chaos spawn.
The chaos spawn is moderately wounded.
You feel very sick. The iron imp hits you.
* * * LOW HITPOINT WARNING * * *
The chaos spawn gores you.
* * * LOW HITPOINT WARNING * * *
You are engulfed in flames.
You resist.
* * * LOW HITPOINT WARNING * * *
You feel very sick.
As you read the scroll of teleportation, it crumbles to dust.
You feel strangely unstable.
You feel sick. The chaos spawn hits you!
* * * LOW HITPOINT WARNING * * *
You are engulfed in flames.
You resist.
You die... "Boring in life, boring in death..."

#.##.###...## #.#
#.##.# ###.#
#.###### #.## # #.#
#####......## #.#
#.# ##.............
..#
#.###..########.###
### #.##...# ### #
#.##.###.....
#.##.+LWO♣..#
..##@#.♣VZ..8
#4#####...
#5.5..##.8
###.⌠..#.. ...##.8
####p.. ztW..8
♣..♣## .##


You could see a lich, a skeletal warrior, an ogre mage, a fire crab, a chaos
spawn (summoned), a wraith, an iron imp (summoned) and Newt's ghost.

Vanquished Creatures
  Erolcha (D:9)
  Amaemon (D:9)
  Pikel (D:6)
  An ugly thing (D:9)
  Joseph (D:10)
  Maggie (D:6)
  An orange demon (D:9)
  2 gargoyles (D:10)
  2 trolls (D:11)
  Grinder (D:6)
  A culicivora (D:10)
  2 wyverns
  A wraith (D:9)
  Eustachio (D:4)
  8 yaks
  Grum (D:9)
  4 steam dragons
  An acid dragon (D:9)
  Duvessa (D:5)
  4 orc warriors
  2 ice beasts
  2 sky beasts (D:7)
  2 wolves (D:9)
  An ogre (D:4)
  4 centaurs
  A phantom (D:5)
  Blork the orc (D:5)
  3 kobold brigands
  4 bullfrogs
  A gnoll sergeant (D:9)
  3 necrophages
  A scorpion (D:5)
  5 wights
  Dowan (D:5)
  4 howler monkeys
  A centaur zombie (D:9)
  A jelly (D:8)
  A gnoll bouda (D:9)
  8 orc priests
  3 hounds
  4 iguanas
  13 orc wizards
  A howler monkey zombie (D:9)
  Robin (D:2)
  13 gnolls
  10 adders
  2 shadow imps (D:6)
  3 white imps
  A dart slug (D:2)
  29 orcs
  5 ball pythons
  7 bats
  3 endoplasms
  6 giant cockroaches
  8 goblins
  2 hobgoblins
  2 jackals (D:4)
  2 quokkas
  A frilled lizard (D:2)
  24 kobolds
  6 rats
228 creatures vanquished.

Vanquished Creatures (collateral kills)
  A hornet (D:8)
  A water moccasin (D:7)
  3 wights (D:7)
  An orc priest (D:6)
  A hobgoblin (D:2)
  5 goblins (D:2)
12 creatures vanquished.

Vanquished Creatures (others)
  8 plants (D:2)
  4 withered plants (D:5)
12 creatures vanquished.

Grand Total: 252 creatures vanquished

Notes
Turn   | Place    | Note
-------+----------+-------------------------------------------
     0 | D:1      | screamidelica the Troll Chaos Knight began the quest for
                  | the Orb.
     0 | D:1      | Reached XP level 1. HP: 22/22 MP: 0/0
    30 | D:1      | XOM: silly message
   180 | D:1      | Reached XP level 2. HP: 29/29 MP: 1/1
   186 | D:1      | XOM: 3-stop teleportation journey
   397 | D:1      | XOM: give mutations
   397 | D:1      | Gained mutation: You sometimes lose your temper in combat.
                  | [Xom's mischief]
   397 | D:1      | Gained mutation: You occasionally shout uncontrollably at
                  | your foes. [Xom's mischief]
   397 | D:1      | Gained mutation: You are dopey. (Int -2) [Xom's mischief]
   669 | D:2      | Reached skill level 4 in Unarmed Combat
   680 | D:2      | XOM: cleaving
   682 | D:2      | XOM: 3-stop teleportation journey
   693 | D:2      | Reached XP level 3. HP: 36/36 MP: 2/2
   784 | D:2      | XOM: 1-stop teleportation journey
   940 | D:2      | Noticed Robin
   946 | D:2      | XOM: summons 3 friendly demons
   949 | D:2      | Killed Robin
   950 | D:2      | Reached skill level 5 in Unarmed Combat
   950 | D:2      | Reached XP level 4. HP: 30/44 MP: 3/3
  1008 | D:2      | XOM is BORED!
  1008 | D:2      | XOM: noise
  1253 | D:3      | XOM: scenery: create altars
  1416 | D:3      | Found a shadowy altar of Dithmenos.
  1451 | D:3      | Found a sparkling altar of Nemelex Xobeh.
  1554 | D:3      | Found a hazy altar of Hepliaklqana.
  1638 | D:3      | Found a snail-covered altar of Cheibriados.
  1639 | D:3      | Found a burning altar of Makhleb.
  1779 | D:4      | XOM: confuse monster(s)
  1782 | D:4      | Noticed a necrophage
  1787 | D:4      | Reached XP level 5. HP: 50/50 MP: 4/4
  1791 | D:4      | XOM: cast spell 'Summon Cactus Giant'
  1794 | D:4      | Reached skill level 6 in Unarmed Combat
  1864 | D:4      | Found an iron altar of Okawaru.
  1903 | D:4      | XOM: summons 5 friendly demons
  1922 | D:4      | Reached XP level 6. HP: 50/59 MP: 5/5
  1926 | D:4      | Reached skill level 7 in Unarmed Combat
  2343 | D:5      | Entered Level 5 of the Dungeon
  2480 | D:5      | XOM: divination: detect creatures
  2483 | D:5      | Found Duruff's Weapon Shop.
  2483 | D:5      | XOM: confuse monster(s)
  2488 | D:5      | Noticed Duvessa
  2488 | D:5      | Noticed Dowan
  2496 | D:5      | XOM: cast spell 'Summon Small Mammal'
  2496 | D:5      | Noticed Eustachio
  2498 | D:5      | Found a transporter.
  2508 | D:4      | Reached skill level 8 in Unarmed Combat
  2508 | D:4      | Reached XP level 7. HP: 45/66 MP: 6/6
  2543 | D:4      | Killed Eustachio
  2562 | D:5      | XOM: confuse monster(s)
  2595 | D:5      | Killed Duvessa
  2596 | D:5      | Reached skill level 9 in Unarmed Combat
  2605 | D:5      | Killed Dowan
  2681 | D:5      | Found an ancient bone altar of Kikubaaqudgha.
  2692 | D:5      | XOM: blink monster(s)
  2707 | D:5      | Reached XP level 8. HP: 71/74 MP: 7/7
  2712 | D:5      | Reached skill level 10 in Unarmed Combat
  2817 | D:5      | XOM: confuse monster(s)
  2895 | D:5      | Noticed Blork the orc
  2902 | D:5      | Killed Blork the orc
  2998 | D:5      | Found a sacrificial altar of Ru.
  3063 | D:5      | Found a transporter.
  3067 | D:5      | Noticed Unforgiven's ghost (novice DECj)
  3247 | D:6      | Noticed Pikel
  3257 | D:6      | XOM: noise
  3259 | D:6      | Killed Pikel
  3260 | D:6      | Reached skill level 5 in Fighting
  3260 | D:6      | Reached skill level 1 in Spellcasting
  3273 | D:6      | Reached XP level 9. HP: 88/88 MP: 8/10
  3284 | D:6      | XOM: summons 6 friendly demons
  3286 | D:6      | Noticed Maggie
  3302 | D:6      | Killed Maggie
  3588 | D:6      | Found a stormy altar of Qazlal.
  3624 | D:6      | XOM: give mutations
  3624 | D:6      | Lost mutation: You are dopey. (Int -2) [Xom's mischief]
  3624 | D:6      | Gained mutation: You occasionally lose the ability to drink
                  | potions when taking damage. [Xom's mischief]
  3624 | D:6      | Gained mutation: You frequently scream uncontrollably at
                  | your foes. [Xom's mischief]
  3624 | D:6      | Gained mutation: You sometimes lose the ability to drink
                  | potions when taking damage. [Xom's mischief]
  3840 | D:6      | Noticed Grinder
  3851 | D:6      | Killed Grinder
  3984 | D:6      | Learned a level 3 spell: Frozen Ramparts
  3989 | D:6      | XOM: give mutation
  3989 | D:6      | Gained mutation: You are weak. (Str -2) [Xom's mischief]
  4092 | D:7      | Found a staircase to the Ecumenical Temple.
  4097 | D:7      | XOM: confuse monster(s)
  4180 | D:7      | XOM: smoke on damage
  4458 | D:7      | XOM: stat loss: -1 Int (9/10)
  4567 | D:7      | XOM: divination: magic mapping
  4642 | D:7      | XOM: scenery: summon butterflies
  4740 | D:8      | XOM: 2-stop teleportation journey
  4796 | D:8      | Reached skill level 5 in Ice Magic
  4814 | D:8      | Reached XP level 10. HP: 96/96 MP: 15/15
  4853 | D:8      | XOM: summons 3 friendly demons
  4856 | D:8      | Paralysed by a hornet for 1 turns
  4859 | D:8      | Paralysed by a hornet for 2 turns
  4948 | D:8      | XOM: potion effect (haste)
  5195 | D:8      | XOM: confuse monster(s)
  5204 | D:8      | XOM: summons 2 friendly demons
  5504 | D:8      | XOM: give mutations
  5504 | D:8      | Gained mutation: You expend magic power (3 MP) to
                  | strengthen your wands. [Xom's grace]
  5504 | D:8      | Gained mutation: You are partially covered in iridescent
                  | scales. (AC +2) [Xom's grace]
  5504 | D:8      | Gained mutation: Your spells are a little harder to cast,
                  | but a little more powerful. [Xom's grace]
  5504 | D:8      | Gained mutation: You are agile. (Dex +4, Str/Int -1) [Xom's
                  | grace]
  5974 | D:9      | Found Weym's Weapon Shoppe.
  5975 | D:9      | Noticed Erolcha
  5992 | D:9      | Killed Erolcha
  5993 | D:9      | Reached skill level 5 in Spellcasting
  5996 | D:9      | XOM: cloud trail
  6037 | D:9      | XOM: scenery: 1 doors open
  6039 | D:9      | Bought 4 large rocks for 78 gold pieces
  6165 | D:9      | XOM: enchant monster (good)
  6249 | D:9      | Paralysed by an orc warrior for 2 turns
  6360 | D:9      | Noticed Amaemon
  6361 | D:9      | Noticed an orange demon
  6370 | D:9      | Killed Amaemon
  6377 | D:9      | Killed an orange demon
  6602 | D:9      | Noticed a brown ugly thing
  6612 | D:9      | Killed a brown ugly thing
  6613 | D:9      | Reached XP level 11. HP: 41/102 MP: 15/18
  6667 | D:9      | Found a basalt altar of Yredelemnul.
  6701 | D:9      | XOM: give mutations
  6701 | D:9      | Lost mutation: Your spells are a little harder to cast, but
                  | a little more powerful. [Xom's mischief]
  6701 | D:9      | Gained mutation: You are frail. (-10% HP) [Xom's mischief]
  6701 | D:9      | Lost mutation: You sometimes lose the ability to drink
                  | potions when taking damage. [Xom's mischief]
  6701 | D:9      | Lost mutation: You are frail. (-10% HP) [Xom's mischief]
  6909 | D:9      | Noticed Grum
  6910 | D:9      | XOM: enchant monster (bad)
  6926 | D:9      | HP: 1/102 [something (17)]
  6952 | D:9      | HP: 5/102 [something (13)]
  7189 | D:9      | Killed Grum
  7190 | D:9      | Reached skill level 1 in Summonings
  7418 | D:10     | Entered Level 10 of the Dungeon
  7443 | D:9      | XOM: silly message
  7584 | D:10     | XOM: repel stairs
  7614 | D:10     | XOM: silly message
  7687 | D:10     | Noticed a two-headed ogre
  7695 | D:10     | a two-headed ogre changed into a culicivora
  7695 | D:10     | XOM: polymorph two-headed ogre -> culicivora
  7728 | D:10     | Noticed Joseph
  7740 | D:10     | XOM: summons 1 hostile shadow creature
  7743 | D:10     | XOM: smoke on damage
  7747 | D:10     | XOM: swap monsters
  7802 | D:10     | Killed Joseph
  7869 | D:10     | XOM: silly message
  7938 | D:10     | Upgraded the game from 0.30-a0-743-gbfdf073431 to
                  | 0.30-a0-748-ge6a52f7cba
  8136 | D:10     | XOM: confusion
  8149 | D:10     | XOM: summons 6 hostile demons
  8223 | D:10     | XOM: stat loss: -1 Str (20/21)
  8284 | D:10     | XOM: stat loss: -1 Int (8/9)
  8381 | D:10     | Found a runed translucent door.
  8395 | D:10     | Found a runed translucent door.
  8440 | D:10     | Noticed sirJeffrey23's ghost (journeyman MiFi)
  8469 | D:10     | Found a transporter.
  8473 | D:10     | Found a transporter.
  8501 | D:10     | Found a runed translucent door.
  8510 | D:10     | Found a runed translucent door.
  8888 | D:11     | Found a staircase to the Lair.
  8941 | D:11     | Found a runed translucent door.
  8942 | D:11     | Noticed a fire giant
  8942 | D:11     | Noticed an ogre mage
  8942 | D:11     | Noticed a fire crab
  8944 | D:11     | Noticed a lich
  8945 | D:11     | Noticed a skeletal warrior
  8945 | D:11     | Noticed Newt's ghost (journeyman KoHu)
  8945 | D:11     | Noticed a skeletal warrior
  8947 | D:11     | Noticed a necromancer
  9010 | D:11     | XOM: summons 6 hostile demons
  9011 | D:11     | Noticed a sun demon
  9024 | D:11     | HP: 3/102 [chaos spawn[Xom] (12)]
  9024 | D:11     | Slain by a chaos spawn

Illustrated notes

Levels and vault maps discovered:
D:1:      amcnicky_arrival_double_pillar, layout_loops_ring,
          hangedman_abyss_or_decor_lesser_grid
D:2:      layout_rooms, serial_forest, infiniplex_forest_clump_tiny,
          infiniplex_forest_straight_2, infiniplex_forest_lined_room_2,
          infiniplex_forest_clump_double, infiniplex_forest_pool,
          infiniplex_forest_corner_1, infiniplex_forest_lined_2,
          minmay_misc_feat_columns, uniq_robin
D:3:      layout_basic, old_standard_altar, nicolae_hepliaklqana_hazy_memory,
          nicolae_dithmenos_through_a_glass_darkly,
          gammafunk_temple_overflow_pools
D:4:      layout_rooms, mainiacjoe_overflow_boulevard, minmay_misc_feat_roman
D:5:      layout_rooms, kiku_gazebo_garden_becter, nicolae_ru_path_of_blood,
          gammafunk_ghost_stat_death, serial_shops, nicolae_take_the_stairs,
          uniq_duvessa, uniq_blork_the_orc, uniq_eustachio
D:6:      layout_basic, mainiacjoe_overflow_alcove_4, minmay_chambers_of_fives,
          uniq_grinder, uniq_maggie, uniq_pikel
D:7:      layout_loops_ring, minmay_temple_entry_arrows
D:8:      layout_layer_cave
D:9:      layout_basic, lemuel_zombie_altar_yredelemnul, serial_shops,
          shop_coins, minmay_orc_keep, uniq_erolcha, uniq_grum, uniq_amaemon
D:10:     layout_basic, serial_corexii_hall, corexii_hall_statues_deadend,
          chequers_hall_statues_corner_a, corexii_hall_statues_s,
          corexii_hall_statues_x, gammafunk_ghost_hive,
          minmay_statue_crystal_thing, uniq_joseph
D:11:     layout_loops_ring, lair_entry_dummy, muffindrake_ghost_dual_entry

Skill      XL: |  1  2  3  4  5  6  7  8  9 10 11 |
---------------+----------------------------------+-----
Unarmed Combat | 4 5 6 8 9 10 | 10.0
Fighting       | 5 |  5.0
Spellcasting   | 1 4 5 6 |  6.0
Ice Magic      | 2 5 7 |  7.2
Summonings     | 4 |  4.3
Dodging        | |  1.9

Action                     |  1- 3 |  4- 6 |  7- 9 | 10-12 || total
---------------------------+-------+-------+-------+-------++-------
  Melee: Unarmed           |    88 |   103 |   181 |   318 ||   690
         Punch             |     1 |     1 |    16 |    15 ||    33
         Spear             |       |     5 |       |       ||     5
   Cast: Frozen Ramparts   |       |       |       |     6 ||     6
  Evoke: Piece from Xom's  |       |       |     7 |     6 ||    13
         Wand              |       |       |       |     2 ||     2
         Condenser vane    |       |       |       |     1 ||     1
    Use: Scroll            |       |     7 |     4 |     7 ||    18
         Potion            |       |     1 |       |     1 ||     2
   Stab: Confused          |       |     1 |     1 |     1 ||     3
         Distracted        |       |       |     3 |       ||     3
         Sleeping          |       |       |     3 |       ||     3
         Petrified         |       |       |       |     7 ||     7
         Petrifying        |       |       |       |     1 ||     1
         Paralysed         |       |       |       |     5 ||     5
 Armour: Robe              |    49 |    32 |    58 |   123 ||   262
  Dodge: Dodged            |    35 |    42 |    69 |   177 ||   323

Table legend: (Time is in decaauts)
 A = Elapsed time spent in this place.
 B = Non-inter-level travel time spent in this place.
 C = Inter-level travel time spent in this place.
 D = Time resting spent in this place.
 E = Time spent auto-exploring this place.
 F = Levels seen in this place.
 G = Mean time per level.
                   A        B        C        D        E       F      G
               +--------+--------+--------+--------+--------+-----+--------+
         Total |   9062 |   8620 |    442 |   1228 |   5597 |  11 |  823.8 |
       Dungeon |   9062 |   8620 |    442 |   1228 |   5597 |  11 |  823.8 |
               +--------+--------+--------+--------+--------+-----+--------+

Top non-repeatable levels by time:
     D:9: 1756 daAuts
     D:8: 1210 daAuts
    D:10: 1089 daAuts
     D:6: 1012 daAuts
     D:5: 680 daAuts
     D:2: 635 daAuts
     D:4: 632 daAuts
     D:7: 621 daAuts
     D:1: 610 daAuts
     D:3: 540 daAuts
    D:11: 272 daAuts
